Canucks vs Sharks

Created - December 18, 2019 at 19:27

Goals
1 2 3 OT1 SO T
Canucks 2 0 1 0 1 4
Sharks 0 2 1 0 0 3
Shots
1 2 3 OT1 SO T
Canucks 13 17 9 1 4 40
Sharks 9 9 10 2 4 30

1st period

1. Canucks , Brandon Sutter 8 (Jordie Benn 2, Loui Eriksson 7) at 8:49
2. Canucks , Robert Nilsson 6 (Nick Palmieri 10, Jason Zucker 6) at 17:17 (PP)

Penalties :
Zach Boychuk (SJS) for Roughing (Minor) at 3:40, Matt Corrente (SJS) for Interference (Minor) at 17:03

2nd period

3. Sharks , Brandon Dubinsky 7 (Drew Doughty 23, David Rundblad 5) at 7:47
4. Sharks , Drew Doughty 10 (Ben Lovejoy 7) at 16:56 (PP)

Penalties :
Jamie McBain (Van) for Hooking (Minor) at 11:31, Matt Corrente (SJS) for Hooking (Minor) at 13:39, Brad Boyes (Van) for Roughing (Minor) at 16:42

3rd period

5. Canucks , Robert Nilsson 7 (Jason Zucker 7) at 16:09 (PP)
6. Sharks , Bobby Butler 6 (Drew Doughty 24, Jason Spezza 18) at 16:37 (PP)

Penalties :
Nick Palmieri (Van) for Holding (Minor) at 4:08, Jeremy Morin (Van) for High sticking (Minor) at 8:52, Stefan Ruzicka (SJS) for Holding (Minor) at 15:59, Jamie McBain (Van) for Hooking (Minor) at 16:21

Overtime #1

No Goal

Penalties :
No Penalty

Shootout

Canucks, Robert Nilsson - Shot Misses the Net
Sharks, Jason Spezza - Stopped by Jacob Markstrom
Canucks, Jason Zucker - Shot Misses the Net
Sharks, Mike Cammalleri - Stopped by Jacob Markstrom
Canucks, Jeremy Morin - Stopped by Ryan Miller
Sharks, Milan Michalek - Stopped by Jacob Markstrom
Canucks, Loui Eriksson - Goal!
Sharks, Oskar Osala - Shot Misses the Net

Penalties :
No Penalty

Goalie Stats

Jacob Markstrom (Van), 27 saves from 30 shots - (0.900), W, 10-11-2, 65:00 minutes
Ryan Miller (SJS), 37 saves from 40 shots - (0.925), OTL, 9-7-2, 65:00 minutes

Players Stats for Canucks

Player Name              G  A  P  +/- PIM S  H  SB GA TA FO     MP     PP MP  PK MP  
------------------------------------------------------------------------------------
Alex Goligoski           0  0  0   0  0   1  3  3  0  1  0/0    25:22   2:56   4:11 
Brad Boyes               0  0  0   0  2   0  0  2  0  0  0/0    12:05   0:00   3:21 
Brandon Sutter           1  0  1   0  0   4  4  0  0  1  6/13   17:31   0:05   0:31 
Christoph Bertschy       0  0  0   0  0   0  0  1  0  0  0/1     7:02   0:00   0:00 
Danny DeKeiser           0  0  0   0  0   0  0  0  0  0  0/0    21:33   1:26   2:16 
Darren Helm              0  0  0   0  0   0  0  0  1  0  0/0     9:48   0:00   1:21 
Drew Fata                0  0  0  -1  0   2  4  0  1  0  0/0    28:20   1:26   2:26 
Jamie McBain             0  0  0  -1  4   5  4  1  4  0  0/0    30:14   2:56   2:32 
Jason Zucker             0  2  2   0  0   2  3  2  0  0  0/1    22:59   2:27   0:00 
Jeremy Morin             0  0  0   0  2   2  2  1  0  1  0/0    19:37   1:52   0:59 
Joni Pitkanen            0  0  0   1  0   1  2  3  0  1  0/0    11:28   0:00   0:00 
Jordie Benn              0  1  1   1  0   2  1  0  0  0  0/0    13:03   0:00   1:29 
Loui Eriksson            0  1  1   0  0   4  1  0  0  2  0/0    18:02   1:52   1:28 
Marc Savard              0  0  0   0  0   3  0  0  0  0  3/4    12:47   1:52   1:28 
Michael Raffl            0  0  0   0  0   0  0  0  1  0  0/0     7:02   0:00   0:00 
Nick Palmieri            0  1  1   0  2   4  3  0  2  0  1/3    20:55   2:27   0:00 
Robert Nilsson           2  0  2   0  0   8  4  2  0  1  18/47  26:46   2:28   3:46 
Steve Bernier            0  0  0   0  0   2  1  0  0  0  0/0     8:54   0:03   0:00 

Players Stats for Sharks

Player Name              G  A  P  +/- PIM S  H  SB GA TA FO     MP     PP MP  PK MP  
------------------------------------------------------------------------------------
Adam Larsson             0  0  0  -1  0   1  0  3  1  0  0/0    23:45   2:18   1:48 
Alec Martinez            0  0  0   0  0   1  0  1  0  0  0/0    11:44   0:00   0:00 
Ben Lovejoy              0  1  1   1  0   1  2  2  0  0  0/0    29:31   4:09   2:34 
Bobby Butler             1  0  1   0  0   2  0  0  1  2  2/5    20:42   3:35   0:30 
Brandon Dubinsky         1  0  1   1  0   1  2  0  0  0  3/7    16:06   2:52   0:03 
David Rundblad           0  1  1  -1  0   1  3  0  2  0  0/0    23:45   2:18   1:48 
Drew Doughty             1  2  3   1  0   5  2  4  1  0  0/0    29:31   4:09   2:34 
Jason Spezza             0  1  1   0  0   2  2  0  0  3  25/42  25:34   3:35   2:44 
Jiri Tlusty              0  0  0   0  0   2  0  0  0  0  0/0     8:01   0:00   0:00 
Luke Adam                0  0  0   0  0   0  1  0  0  0  1/2     8:01   0:00   0:00 
Martins Karsums          0  0  0  -1  0   2  0  1  0  0  0/0    11:38   0:00   0:00 
Matt Corrente            0  0  0   0  4   1  0  1  1  1  0/0    11:51   0:00   0:00 
Mike Cammalleri          0  0  0   0  0   3  0  2  0  0  3/4    25:06   3:35   2:33 
Milan Michalek           0  0  0   1  0   1  0  2  0  0  1/1    18:22   2:52   1:37 
Oskar Osala              0  0  0  -1  0   2  1  0  0  1  0/0    14:02   0:00   1:17 
Stefan Ruzicka           0  0  0   1  2   0  3  0  0  2  0/0    15:17   2:52   0:00 
T.J. Hensick             0  0  0  -1  0   5  1  1  0  0  6/8    13:11   0:00   0:00 
Zach Boychuk             0  0  0   0  2   0  1  1  1  0  0/0     9:27   0:00   0:00 

3 Stars

1 - Robert Nilsson (Van)
2 - Drew Doughty (SJS)
3 - Brandon Sutter (Van)

Power Play

Canucks - 2 on 4 Attempt(s) - 50.00%
Sharks - 2 on 5 Attempt(s) - 40.00%

Penalty Kill

Canucks - 3 on 5 Attempt(s) - 60.00% - Score 0 goal in Penalty Kill
Sharks - 2 on 4 Attempt(s) - 50.00% - Score 0 goal in Penalty Kill

Team Stat

Canucks - Hits : 32 - Faceoff Wins : 28 - Blocked Shots : 15 - Penalty Minutes : 10
Sharks - Hits : 18 - Faceoff Wins : 41 - Blocked Shots : 18 - Penalty Minutes : 8

Official

Referees : Unknown
Linesman : Unknown

Game Notes

No Game Note

Finance

Level 1 -- Attendance: 4677 (77.95%) -- Ticket Income $537,855
Level 2 -- Attendance: 4042 (80.84%) -- Ticket Income $303,150
Level 3 -- Attendance: 1337 (66.85%) -- Ticket Income $66,850
Level 4 -- Attendance: 3866 (96.65%) -- Ticket Income $115,980
Luxury Box -- Attendance: 803 (80.30%) -- Ticket Income $168,630
Game was played at the Hockey Place Center.
Total Attendance: 14725 (81.81%)
Total Ticket Income: $1,192,465
Other Income: $178,870
Total Income: $1,371,335

Canucks

5 vs 5 Forward 
   Center                   Left Wing                Right Wing               Time % Phy DF OF 
 1 Robert Nilsson           Jason Zucker             Nick Palmieri            50     0   2  3  
 2 Brandon Sutter           Loui Eriksson            Jeremy Morin             35     1   2  2  
 3 Marc Savard              Darren Helm              Brad Boyes               10     1   2  2  
 4 Christoph Bertschy       Michael Raffl            Steve Bernier            5      1   2  2  

5 vs 5 Defense 
   Defense                  Defense                                           Time % Phy DF OF 
 1 Jamie McBain             Drew Fata                                         50     1   2  2  
 2 Alex Goligoski           Danny DeKeiser                                    35     1   2  2  
 3 Joni Pitkanen            Jordie Benn                                       10     1   2  2  
 4 Jamie McBain             Alex Goligoski                                    5      1   2  2  

PowerPlay Forward 
   Center                   Left Wing                Right Wing               Time % Phy DF OF 
 1 Robert Nilsson           Jason Zucker             Nick Palmieri            60     0   0  5  
 2 Marc Savard              Loui Eriksson            Jeremy Morin             40     0   0  4  

PowerPlay Defense
   Defense                  Defense                                           Time % Phy DF OF 
 1 Jamie McBain             Alex Goligoski                                    60     1   2  2  
 2 Drew Fata                Danny DeKeiser                                    40     1   2  2  

Penalty Kill 4 Players Forward 
   Center                   Wing                     Time % Phy DF OF 
 1 Robert Nilsson           Brad Boyes               60     1   2  2  
 2 Marc Savard              Loui Eriksson            40     1   2  2  

Penalty Kill 4 Players Defense
   Defense                  Defense                  Time % Phy DF OF 
 1 Jamie McBain             Alex Goligoski           60     1   2  2  
 2 Drew Fata                Danny DeKeiser           40     1   2  2  

Penalty Kill - 3 Players Forward 
   Forward                                           Time % Phy DF OF 
 1 Robert Nilsson                                    60     1   2  2  
 2 Loui Eriksson                                     40     1   2  2  

Penalty Kill - 3 Players Defense
   Defense                  Defense                  Time % Phy DF OF 
 1 Jamie McBain             Alex Goligoski           60     1   2  2  
 2 Drew Fata                Danny DeKeiser           40     1   2  2  

4 vs 4 Forward 
   Center                   Wing                     Time % Phy DF OF 
 1 Robert Nilsson           Jason Zucker             60     1   2  2  
 2 Marc Savard              Jeremy Morin             40     1   2  2  

4 vs 4 Defense
   Defense                  Defense                  Time % Phy DF OF 
 1 Jamie McBain             Alex Goligoski           60     1   2  2  
 2 Drew Fata                Danny DeKeiser           40     1   2  2  

Last Minutes Offensive
   Center                   Left Wing                Right Wing               Defense                  Defense                  
   Robert Nilsson           Jason Zucker             Nick Palmieri            Jamie McBain             Alex Goligoski           

Last Minutes Defensive
   Center                   Left Wing                Right Wing               Defense                  Defense                  
   Robert Nilsson           Jason Zucker             Nick Palmieri            Jamie McBain             Alex Goligoski           

Goaltenders
Starting : Jacob Markstrom          
Backup : Martin Jones             

Extra Forwards
Normal : Brandon Sutter, Steve Bernier, Jeremy Morin - PP : Brandon Sutter, Steve Bernier - PK : Jeremy Morin
Extra Defensemen
Normal : Danny DeKeiser, Jordie Benn, Drew Fata - PP : Jamie McBain - PK : Jordie Benn, Drew Fata
Penalty Shots
Robert Nilsson, Jason Zucker, Jeremy Morin, Loui Eriksson, Nick Palmieri

Scratches
Alex Stalock (Healthy)

Sharks

5 vs 5 Forward 
   Center                   Left Wing                Right Wing               Time % Phy DF OF 
 1 Jason Spezza             Mike Cammalleri          Bobby Butler             40     1   2  2  
 2 Brandon Dubinsky         Milan Michalek           Stefan Ruzicka           30     1   2  2  
 3 T.J. Hensick             Oskar Osala              Martins Karsums          20     1   2  2  
 4 Luke Adam                Zach Boychuk             Jiri Tlusty              10     2   2  1  

5 vs 5 Defense 
   Defense                  Defense                                           Time % Phy DF OF 
 1 Drew Doughty             Ben Lovejoy                                       40     1   2  2  
 2 Adam Larsson             David Rundblad                                    30     1   2  2  
 3 Matt Corrente            Alec Martinez                                     20     1   2  2  
 4 Ben Lovejoy              Drew Doughty                                      10     2   2  1  

PowerPlay Forward 
   Center                   Left Wing                Right Wing               Time % Phy DF OF 
 1 Jason Spezza             Mike Cammalleri          Bobby Butler             60     1   1  3  
 2 Brandon Dubinsky         Milan Michalek           Stefan Ruzicka           40     1   1  3  

PowerPlay Defense
   Defense                  Defense                                           Time % Phy DF OF 
 1 Drew Doughty             Ben Lovejoy                                       60     1   1  3  
 2 Adam Larsson             David Rundblad                                    40     1   1  3  

Penalty Kill 4 Players Forward 
   Center                   Wing                     Time % Phy DF OF 
 1 Jason Spezza             Mike Cammalleri          60     1   3  1  
 2 Milan Michalek           Oskar Osala              40     1   3  1  

Penalty Kill 4 Players Defense
   Defense                  Defense                  Time % Phy DF OF 
 1 Drew Doughty             Ben Lovejoy              60     1   3  1  
 2 Adam Larsson             David Rundblad           40     1   3  1  

Penalty Kill - 3 Players Forward 
   Forward                                           Time % Phy DF OF 
 1 Jason Spezza                                      60     1   4  0  
 2 Mike Cammalleri                                   40     1   4  0  

Penalty Kill - 3 Players Defense
   Defense                  Defense                  Time % Phy DF OF 
 1 Drew Doughty             Ben Lovejoy              60     1   4  0  
 2 Adam Larsson             David Rundblad           40     1   4  0  

4 vs 4 Forward 
   Center                   Wing                     Time % Phy DF OF 
 1 Jason Spezza             Mike Cammalleri          60     1   2  2  
 2 Milan Michalek           Oskar Osala              40     1   2  2  

4 vs 4 Defense
   Defense                  Defense                  Time % Phy DF OF 
 1 Drew Doughty             Ben Lovejoy              60     1   2  2  
 2 Adam Larsson             David Rundblad           40     1   2  2  

Last Minutes Offensive
   Center                   Left Wing                Right Wing               Defense                  Defense                  
   Jason Spezza             Mike Cammalleri          Bobby Butler             Drew Doughty             Ben Lovejoy              

Last Minutes Defensive
   Center                   Left Wing                Right Wing               Defense                  Defense                  
   Jason Spezza             Mike Cammalleri          Bobby Butler             Drew Doughty             Ben Lovejoy              

Goaltenders
Starting : Ryan Miller              
Backup : Anders Nilsson           

Extra Forwards
Normal : Zach Boychuk, T.J. Hensick, Brandon Dubinsky - PP : Zach Boychuk, T.J. Hensick - PK : Bobby Butler
Extra Defensemen
Normal : Matt Corrente, David Rundblad, Alec Martinez - PP : Matt Corrente - PK : David Rundblad, Alec Martinez
Penalty Shots
Jason Spezza, Mike Cammalleri, Milan Michalek, Oskar Osala, Brandon Dubinsky

Scratches
Andrej Sekera (Broken Right Foot Toe Injury), Matt Carle (Healthy), Nikolai Kulemin (Healthy)

% Time on Ice - Canucks

Lines # - Real PCT - Wanted PCT - Time Play
Normal Forward
1 - 39% - 50% - 19:06
2 - 30% - 35% - 14:42
3 - 17% - 10% - 8:21
4 - 14% - 5% - 7:02
Normal Defense
1 - 44% - 50% - 21:42
2 - 32% - 35% - 15:45
3 - 22% - 10% - 10:38
4 - 2% - 5% - 1:06
PP Forward
1 - 57% - 60% - 2:30
2 - 43% - 40% - 1:52
PP Defense
1 - 67% - 60% - 2:56
2 - 33% - 40% - 1:26
PK Forward
1 - 77% - 60% - 4:59
2 - 23% - 40% - 1:28
PK Defense
1 - 65% - 60% - 4:11
2 - 35% - 40% - 2:16
PK3 Forward
1 - 0% - 60%
2 - 0% - 40%
PK3 Defense
1 - 0% - 60%
2 - 0% - 40%
44 Forward
1 - 79% - 60% - 3:56
2 - 21% - 40% - 1:04
44 Defense
1 - 67% - 60% - 3:20
2 - 33% - 40% - 1:40
Last Minute Offensive  - 0:00
Last Minute Defensive  - 0:00
Total
Forward - 65:00
Defense - 65:00

% Time on Ice - Sharks

Lines # - Real PCT - Wanted PCT - Time Play
Normal Forward
1 - 35% - 40% - 17:06
2 - 25% - 30% - 12:26
3 - 24% - 20% - 11:38
4 - 16% - 10% - 8:01
Normal Defense
1 - 37% - 40% - 18:13
2 - 35% - 30% - 17:22
3 - 24% - 20% - 11:44
4 - 4% - 10% - 1:52
PP Forward
1 - 56% - 60% - 3:35
2 - 44% - 40% - 2:52
PP Defense
1 - 64% - 60% - 4:09
2 - 36% - 40% - 2:18
PK Forward
1 - 75% - 60% - 3:17
2 - 25% - 40% - 1:05
PK Defense
1 - 59% - 60% - 2:34
2 - 41% - 40% - 1:48
PK3 Forward
1 - 0% - 60%
2 - 0% - 40%
PK3 Defense
1 - 0% - 60%
2 - 0% - 40%
44 Forward
1 - 78% - 60% - 3:53
2 - 22% - 40% - 1:07
44 Defense
1 - 54% - 60% - 2:43
2 - 46% - 40% - 2:17
Last Minute Offensive  - 0:00
Last Minute Defensive  - 0:00
Total
Forward - 65:00
Defense - 65:00

Play-by-Play

1st period


0:01 of 1st period - Mike Cammalleri wins face-off versus Robert Nilsson in neutral zone.
0:30 of 1st period - Snap shot by Loui Eriksson.
0:30 of 1st period - Stopped by Ryan Miller without a rebound.
0:31 of 1st period - T.J. Hensick wins face-off versus Brandon Sutter in Sharks zone.
0:55 of 1st period - David Rundblad is hit by Brandon Sutter and loses puck.
1:24 of 1st period - Wrist shot by T.J. Hensick.
1:24 of 1st period - Stopped by Jacob Markstrom with a rebound.
1:26 of 1st period - Slapshot by Adam Larsson.
1:26 of 1st period - Stopped by Jacob Markstrom without a rebound.
1:27 of 1st period - Robert Nilsson wins face-off versus Brandon Dubinsky in Canucks zone.
1:27 of 1st period - Robert Nilsson is hit by Brandon Dubinsky.
1:54 of 1st period - Alec Martinez is hit by Drew Fata and loses puck.
2:01 of 1st period - Slapshot by Alex Goligoski.
2:01 of 1st period - Shot Blocked by Matt Corrente.
2:21 of 1st period - Snap shot by Michael Raffl.
2:21 of 1st period - Shot Blocked by Ben Lovejoy.
2:41 of 1st period - Off-side.
2:42 of 1st period - Brandon Dubinsky wins face-off versus Robert Nilsson in neutral zone.
3:31 of 1st period - Danny DeKeiser is hit by Zach Boychuk.
3:40 of 1st period - Minor Penalty to Zach Boychuk for Roughing.
3:41 of 1st period - Robert Nilsson wins face-off versus Jason Spezza in Sharks zone.
3:43 of 1st period - Wrist shot by Nick Palmieri.
3:43 of 1st period - Stopped by Ryan Miller without a rebound.
3:44 of 1st period - Jason Spezza wins face-off versus Robert Nilsson in Sharks zone.
4:13 of 1st period - Icing by Jamie McBain.
4:14 of 1st period - Milan Michalek wins face-off versus Marc Savard in Canucks zone.
4:15 of 1st period - Snap shot by Oskar Osala.
4:15 of 1st period - Shot Misses the Net.
4:34 of 1st period - Icing by Alex Goligoski.
4:35 of 1st period - Marc Savard wins face-off versus Jason Spezza in Canucks zone.
5:40 of 1st period - Penalty to Zach Boychuk is over, Zach Boychuk is back on ice.
6:26 of 1st period - Jordie Benn is hit by T.J. Hensick and loses puck.
6:33 of 1st period - Wrist shot by T.J. Hensick.
6:33 of 1st period - Shot Misses the Net.
6:49 of 1st period - Drew Doughty is hit by Joni Pitkanen.
6:53 of 1st period - Nick Palmieri is hit by Stefan Ruzicka and loses puck.
7:04 of 1st period - Wrist shot by Steve Bernier.
7:04 of 1st period - Stopped by Ryan Miller with a rebound.
7:10 of 1st period - Slapshot by Joni Pitkanen.
7:10 of 1st period - Stopped by Ryan Miller with a rebound.
7:12 of 1st period - Slapshot by Steve Bernier.
7:12 of 1st period - Stopped by Ryan Miller without a rebound.
7:13 of 1st period - T.J. Hensick wins face-off versus Brandon Sutter in Sharks zone.
7:13 of 1st period - T.J. Hensick is hit by Jamie McBain.
7:29 of 1st period - Slapshot by Oskar Osala.
7:29 of 1st period - Shot Blocked by Jeremy Morin.
7:39 of 1st period - Milan Michalek is hit by Robert Nilsson and loses puck.
8:23 of 1st period - Wrist shot by Michael Raffl.
8:23 of 1st period - Shot Blocked by Adam Larsson.
8:25 of 1st period - Slapshot by Danny DeKeiser.
8:25 of 1st period - Shot Blocked by Adam Larsson.
8:45 of 1st period - Wrist shot by Loui Eriksson.
8:45 of 1st period - Shot Misses the Net.
8:47 of 1st period - Slapshot by Jordie Benn.
8:47 of 1st period - Deflect By T.J. Hensick.
8:47 of 1st period - Stopped by Ryan Miller with a rebound.
8:49 of 1st period - Wrist shot by Brandon Sutter.
8:49 of 1st period - Goal by Brandon Sutter - Canucks : 1 - Sharks : 0.
8:50 of 1st period - Jason Spezza wins face-off versus Robert Nilsson in neutral zone.
9:15 of 1st period - Milan Michalek is hit by Jeremy Morin and loses puck.
9:58 of 1st period - Wrist shot by Jason Spezza.
9:58 of 1st period - Shot Blocked by Christoph Bertschy.
10:00 of 1st period - Slapshot by Matt Corrente.
10:00 of 1st period - Deflect By Alex Goligoski.
10:00 of 1st period - Stopped by Jacob Markstrom with a rebound.
10:02 of 1st period - Slapshot by Alec Martinez.
10:02 of 1st period - Stopped by Jacob Markstrom without a rebound.
10:03 of 1st period - Brandon Dubinsky wins face-off versus Robert Nilsson in Canucks zone.
10:28 of 1st period - Mike Cammalleri is hit by Brandon Sutter.
10:32 of 1st period - Slapshot by Drew Doughty.
10:32 of 1st period - Stopped by Jacob Markstrom without a rebound.
10:33 of 1st period - Jason Spezza wins face-off versus Brandon Sutter in Canucks zone.
10:39 of 1st period - Off-side.
10:40 of 1st period - Robert Nilsson wins face-off versus Jason Spezza in neutral zone.
10:57 of 1st period - Mike Cammalleri is hit by Jamie McBain and loses puck.
11:50 of 1st period - Snap shot by Marc Savard.
11:50 of 1st period - Stopped by Ryan Miller without a rebound.
11:51 of 1st period - Luke Adam wins face-off versus Nick Palmieri in Sharks zone.
11:51 of 1st period - Luke Adam is hit by Robert Nilsson.
12:41 of 1st period - Slapshot by Jamie McBain.
12:41 of 1st period - Stopped by Ryan Miller with a rebound.
12:43 of 1st period - Slapshot by Marc Savard.
12:43 of 1st period - Stopped by Ryan Miller without a rebound.
12:44 of 1st period - Jason Spezza wins face-off versus Robert Nilsson in Sharks zone.
13:03 of 1st period - Mike Cammalleri is hit by Robert Nilsson and loses puck.
13:22 of 1st period - Stefan Ruzicka is hit by Drew Fata and loses puck.
13:41 of 1st period - Wrist shot by Steve Bernier.
13:41 of 1st period - Shot Blocked by Drew Doughty.
13:57 of 1st period - Drew Doughty is hit by Nick Palmieri and loses puck.
14:11 of 1st period - Icing by Ben Lovejoy.
14:12 of 1st period - Marc Savard wins face-off versus Bobby Butler in Sharks zone.
14:21 of 1st period - Slapshot by Darren Helm.
14:21 of 1st period - Shot Blocked by Mike Cammalleri.
14:23 of 1st period - Wrist shot by Darren Helm.
14:23 of 1st period - Shot Misses the Net.
14:46 of 1st period - Snap shot by Stefan Ruzicka.
14:46 of 1st period - Shot Misses the Net.
15:30 of 1st period - Slapshot by Jamie McBain.
15:30 of 1st period - Deflect By Oskar Osala.
15:30 of 1st period - Stopped by Ryan Miller with a rebound.
15:44 of 1st period - Slapshot by Mike Cammalleri.
15:44 of 1st period - Stopped by Jacob Markstrom with a rebound.
15:46 of 1st period - Slapshot by Mike Cammalleri.
15:46 of 1st period - Stopped by Jacob Markstrom without a rebound.
15:47 of 1st period - Jason Spezza wins face-off versus Robert Nilsson in Canucks zone.
16:00 of 1st period - Off-side.
16:01 of 1st period - Jason Spezza wins face-off versus Robert Nilsson in neutral zone.
16:10 of 1st period - Wrist shot by Bobby Butler.
16:10 of 1st period - Shot Blocked by Jason Zucker.
16:28 of 1st period - Milan Michalek is hit by Drew Fata and loses puck.
17:03 of 1st period - Minor Penalty to Matt Corrente for Interference.
17:04 of 1st period - Jason Spezza wins face-off versus Robert Nilsson in Sharks zone.
17:15 of 1st period - Snap shot by Nick Palmieri.
17:15 of 1st period - Shot Misses the Net.
17:17 of 1st period - Wrist shot by Robert Nilsson.
17:17 of 1st period - Goal by Robert Nilsson - Canucks : 2 - Sharks : 0.
17:18 of 1st period - Robert Nilsson wins face-off versus Jason Spezza in neutral zone.
18:08 of 1st period - Wrist shot by Jamie McBain.
18:08 of 1st period - Shot Misses the Net.
18:26 of 1st period - Wrist shot by Alex Goligoski.
18:26 of 1st period - Shot Blocked by Mike Cammalleri.
18:53 of 1st period - Snap shot by Jiri Tlusty.
18:53 of 1st period - Stopped by Jacob Markstrom without a rebound.
18:54 of 1st period - Brandon Dubinsky wins face-off versus Robert Nilsson in Canucks zone.
18:59 of 1st period - Wrist shot by Stefan Ruzicka.
18:59 of 1st period - Shot Blocked by Joni Pitkanen.
19:07 of 1st period - Backhand shot by Nick Palmieri.
19:07 of 1st period - Stopped by Ryan Miller with a rebound.
19:21 of 1st period - Stefan Ruzicka is hit by Jordie Benn and loses puck.
19:55 of 1st period - Wrist shot by Drew Doughty.
19:55 of 1st period - Deflect By Danny DeKeiser.
19:55 of 1st period - Stopped by Jacob Markstrom with a rebound.
Goals for this period are 2 for Canucks vs 0 for Sharks.
Shots for this period are 13 for Canucks vs 9 for Sharks.

2nd period


0:01 of 2nd period - Nick Palmieri wins face-off versus Mike Cammalleri in neutral zone.
0:04 of 2nd period - Drew Doughty is hit by Jamie McBain and loses puck.
0:15 of 2nd period - Snap shot by Jason Spezza.
0:15 of 2nd period - Shot Misses the Net.
1:11 of 2nd period - Slapshot by Drew Doughty.
1:11 of 2nd period - Deflect By Mike Cammalleri.
1:11 of 2nd period - Stopped by Jacob Markstrom with a rebound.
2:13 of 2nd period - Off-side.
2:14 of 2nd period - T.J. Hensick wins face-off versus Robert Nilsson in neutral zone.
2:34 of 2nd period - Wrist shot by T.J. Hensick.
2:34 of 2nd period - Stopped by Jacob Markstrom with a rebound.
2:36 of 2nd period - Slapshot by Adam Larsson.
2:36 of 2nd period - Shot Blocked by Alex Goligoski.
2:38 of 2nd period - Wrist shot by T.J. Hensick.
2:38 of 2nd period - Stopped by Jacob Markstrom with a rebound.
2:40 of 2nd period - Snap shot by Martins Karsums.
2:40 of 2nd period - Stopped by Jacob Markstrom with a rebound.
2:42 of 2nd period - Wrist shot by T.J. Hensick.
2:42 of 2nd period - Stopped by Jacob Markstrom with a rebound.
2:44 of 2nd period - Wrist shot by Oskar Osala.
2:44 of 2nd period - Shot Blocked by Alex Goligoski.
2:46 of 2nd period - Slapshot by Ben Lovejoy.
2:46 of 2nd period - Deflect By Martins Karsums.
2:46 of 2nd period - Stopped by Jacob Markstrom without a rebound.
2:47 of 2nd period - Jason Spezza wins face-off versus Brandon Sutter in Canucks zone.
2:54 of 2nd period - Snap shot by Loui Eriksson.
2:54 of 2nd period - Deflect By Jeremy Morin.
2:54 of 2nd period - Shot Misses the Net.
2:54 of 2nd period - Puck is out of play.
2:55 of 2nd period - Jason Spezza wins face-off versus Brandon Sutter in Sharks zone.
4:45 of 2nd period - Snap shot by Robert Nilsson.
4:45 of 2nd period - Stopped by Ryan Miller with a rebound.
4:47 of 2nd period - Backhand shot by Jamie McBain.
4:47 of 2nd period - Shot Misses the Net.
5:39 of 2nd period - Alec Martinez is hit by Alex Goligoski and loses puck.
5:50 of 2nd period - Jason Zucker is hit by Jason Spezza and loses puck.
6:09 of 2nd period - Slapshot by Jamie McBain.
6:09 of 2nd period - Shot Misses the Net.
6:11 of 2nd period - Slapshot by Steve Bernier.
6:11 of 2nd period - Shot Blocked by Milan Michalek.
6:13 of 2nd period - Slapshot by Drew Fata.
6:13 of 2nd period - Shot Misses the Net.
6:15 of 2nd period - Slapshot by Jamie McBain.
6:15 of 2nd period - Stopped by Ryan Miller with a rebound.
6:17 of 2nd period - Snap shot by Steve Bernier.
6:17 of 2nd period - Shot Blocked by Milan Michalek.
6:19 of 2nd period - Snap shot by Drew Fata.
6:19 of 2nd period - Shot Blocked by Drew Doughty.
6:35 of 2nd period - Slapshot by Oskar Osala.
6:35 of 2nd period - Stopped by Jacob Markstrom without a rebound.
6:36 of 2nd period - Jason Spezza wins face-off versus Nick Palmieri in Canucks zone.
6:52 of 2nd period - Wrist shot by Jason Spezza.
6:52 of 2nd period - Shot Misses the Net.
7:13 of 2nd period - Slapshot by Joni Pitkanen.
7:13 of 2nd period - Shot Blocked by Alec Martinez.
7:15 of 2nd period - Slapshot by Jordie Benn.
7:15 of 2nd period - Deflect By Stefan Ruzicka.
7:15 of 2nd period - Stopped by Ryan Miller without a rebound.
7:16 of 2nd period - Jason Spezza wins face-off versus Robert Nilsson in Sharks zone.
7:29 of 2nd period - Bobby Butler is hit by Jason Zucker and loses puck.
7:40 of 2nd period - Jeremy Morin is hit by David Rundblad and loses puck.
7:45 of 2nd period - Slapshot by Drew Doughty.
7:45 of 2nd period - Shot Misses the Net.
7:47 of 2nd period - Wrist shot by Brandon Dubinsky.
7:47 of 2nd period - Goal by Brandon Dubinsky - Canucks : 2 - Sharks : 1.
7:48 of 2nd period - Jason Spezza wins face-off versus Robert Nilsson in neutral zone.
8:13 of 2nd period - Drew Fata is hit by Drew Doughty and loses puck.
8:17 of 2nd period - Brandon Sutter is hit by Stefan Ruzicka and loses puck.
8:24 of 2nd period - Wrist shot by Jeremy Morin.
8:24 of 2nd period - Stopped by Ryan Miller without a rebound.
8:25 of 2nd period - Robert Nilsson wins face-off versus Bobby Butler in Sharks zone.
8:30 of 2nd period - Backhand shot by Alex Goligoski.
8:30 of 2nd period - Stopped by Ryan Miller with a rebound.
9:52 of 2nd period - Danny DeKeiser is hit by Ben Lovejoy and loses puck.
10:13 of 2nd period - Milan Michalek is hit by Alex Goligoski.
10:17 of 2nd period - Alec Martinez is hit by Joni Pitkanen and loses puck.
10:34 of 2nd period - Slapshot by Robert Nilsson.
10:34 of 2nd period - Stopped by Ryan Miller without a rebound.
10:35 of 2nd period - Robert Nilsson wins face-off versus T.J. Hensick in Sharks zone.
10:44 of 2nd period - Wrist shot by Jason Zucker.
10:44 of 2nd period - Stopped by Ryan Miller with a rebound.
10:56 of 2nd period - Snap shot by Nick Palmieri.
10:56 of 2nd period - Stopped by Ryan Miller with a rebound.
10:58 of 2nd period - Snap shot by Robert Nilsson.
10:58 of 2nd period - Stopped by Ryan Miller with a rebound.
11:00 of 2nd period - Slapshot by Jamie McBain.
11:00 of 2nd period - Shot Blocked by Martins Karsums.
11:02 of 2nd period - Wrist shot by Robert Nilsson.
11:02 of 2nd period - Stopped by Ryan Miller without a rebound.
11:03 of 2nd period - Brandon Sutter wins face-off versus Jason Spezza in Sharks zone.
11:12 of 2nd period - Backhand shot by Brandon Sutter.
11:12 of 2nd period - Stopped by Ryan Miller without a rebound.
11:13 of 2nd period - Brandon Sutter wins face-off versus Bobby Butler in Sharks zone.
11:22 of 2nd period - Snap shot by Brandon Sutter.
11:22 of 2nd period - Stopped by Ryan Miller with a rebound.
11:24 of 2nd period - Wrist shot by Brandon Sutter.
11:24 of 2nd period - Stopped by Ryan Miller without a rebound.
11:25 of 2nd period - Robert Nilsson wins face-off versus Jason Spezza in Sharks zone.
11:31 of 2nd period - Minor Penalty to Jamie McBain for Hooking.
11:32 of 2nd period - Robert Nilsson wins face-off versus Jason Spezza in Canucks zone.
13:31 of 2nd period - Penalty to Jamie McBain is over, Jamie McBain is back on ice.
13:36 of 2nd period - Snap shot by Alex Goligoski.
13:36 of 2nd period - Deflect By Steve Bernier.
13:36 of 2nd period - Shot Blocked by T.J. Hensick.
13:36 of 2nd period - Puck is out of play.
13:37 of 2nd period - T.J. Hensick wins face-off versus Christoph Bertschy in Sharks zone.
13:39 of 2nd period - Minor Penalty to Matt Corrente for Hooking.
13:40 of 2nd period - Jason Spezza wins face-off versus Robert Nilsson in Sharks zone.
13:40 of 2nd period - Jason Spezza is hit by Nick Palmieri.
15:39 of 2nd period - Penalty to Matt Corrente is over, Matt Corrente is back on ice.
15:40 of 2nd period - Adam Larsson is hit by Brandon Sutter and loses puck.
16:03 of 2nd period - David Rundblad is hit by Steve Bernier and loses puck.
16:40 of 2nd period - Slapshot by David Rundblad.
16:40 of 2nd period - Shot Misses the Net.
16:42 of 2nd period - Minor Penalty to Brad Boyes for Roughing.
16:43 of 2nd period - Bobby Butler wins face-off versus Robert Nilsson in Canucks zone.
16:56 of 2nd period - Slapshot by Drew Doughty.
16:56 of 2nd period - Goal by Drew Doughty - Canucks : 2 - Sharks : 2.
16:57 of 2nd period - Robert Nilsson wins face-off versus Jason Spezza in neutral zone.
17:08 of 2nd period - Wrist shot by Robert Nilsson.
17:08 of 2nd period - Stopped by Ryan Miller with a rebound.
17:10 of 2nd period - Wrist shot by Jason Zucker.
17:10 of 2nd period - Shot Misses the Net.
17:24 of 2nd period - Drew Fata is hit by Brandon Dubinsky and loses puck.
17:54 of 2nd period - Slapshot by Marc Savard.
17:54 of 2nd period - Stopped by Ryan Miller without a rebound.
17:55 of 2nd period - Jason Spezza wins face-off versus Robert Nilsson in Sharks zone.
18:22 of 2nd period - Milan Michalek is hit by Loui Eriksson and loses puck.
18:29 of 2nd period - Wrist shot by Loui Eriksson.
18:29 of 2nd period - Stopped by Ryan Miller with a rebound.
19:05 of 2nd period - Jiri Tlusty is hit by Robert Nilsson and loses puck.
19:56 of 2nd period - Wrist shot by Jamie McBain.
19:56 of 2nd period - Stopped by Ryan Miller without a rebound.
19:57 of 2nd period - Robert Nilsson wins face-off versus Jason Spezza in Sharks zone.
Goals for this period are 0 for Canucks vs 2 for Sharks.
Shots for this period are 17 for Canucks vs 9 for Sharks.

3rd period


0:01 of 3rd period - Jason Spezza wins face-off versus Robert Nilsson in neutral zone.
0:59 of 3rd period - Off-side.
1:00 of 3rd period - T.J. Hensick wins face-off versus Robert Nilsson in neutral zone.
1:03 of 3rd period - Slapshot by David Rundblad.
1:03 of 3rd period - Shot Blocked by Robert Nilsson.
1:25 of 3rd period - Adam Larsson is hit by Jeremy Morin and loses puck.
2:14 of 3rd period - Wrist shot by Nick Palmieri.
2:14 of 3rd period - Stopped by Ryan Miller with a rebound.
2:16 of 3rd period - Slapshot by Jason Zucker.
2:16 of 3rd period - Deflect By Robert Nilsson.
2:16 of 3rd period - Stopped by Ryan Miller without a rebound.
2:17 of 3rd period - Robert Nilsson wins face-off versus Jason Spezza in Sharks zone.
2:20 of 3rd period - Snap shot by Nick Palmieri.
2:20 of 3rd period - Shot Misses the Net.
2:22 of 3rd period - Snap shot by Jason Zucker.
2:22 of 3rd period - Stopped by Ryan Miller with a rebound.
2:24 of 3rd period - Wrist shot by Robert Nilsson.
2:24 of 3rd period - Shot Misses the Net.
2:26 of 3rd period - Slapshot by Drew Fata.
2:26 of 3rd period - Deflect By Drew Doughty.
2:26 of 3rd period - Stopped by Ryan Miller with a rebound.
2:28 of 3rd period - Slapshot by Jamie McBain.
2:28 of 3rd period - Stopped by Ryan Miller without a rebound.
2:29 of 3rd period - Robert Nilsson wins face-off versus Jason Spezza in Sharks zone.
2:58 of 3rd period - Slapshot by Jamie McBain.
2:58 of 3rd period - Shot Blocked by Ben Lovejoy.
3:24 of 3rd period - Wrist shot by Zach Boychuk.
3:24 of 3rd period - Shot Misses the Net.
3:40 of 3rd period - Zach Boychuk is hit by Jason Zucker and loses puck.
4:01 of 3rd period - Snap shot by Zach Boychuk.
4:01 of 3rd period - Shot Misses the Net.
4:08 of 3rd period - Minor Penalty to Nick Palmieri for Holding.
4:09 of 3rd period - Jason Spezza wins face-off versus Robert Nilsson in Canucks zone.
4:09 of 3rd period - Wrist shot by Bobby Butler.
4:09 of 3rd period - Stopped by Jacob Markstrom with a rebound.
4:11 of 3rd period - Slapshot by David Rundblad.
4:11 of 3rd period - Stopped by Jacob Markstrom without a rebound.
4:12 of 3rd period - Jason Spezza wins face-off versus Robert Nilsson in Canucks zone.
5:21 of 3rd period - Alex Goligoski is hit by Stefan Ruzicka and loses puck.
6:08 of 3rd period - Penalty to Nick Palmieri is over, Nick Palmieri is back on ice.
6:17 of 3rd period - Wrist shot by Nick Palmieri.
6:17 of 3rd period - Shot Misses the Net.
6:57 of 3rd period - Wrist shot by Zach Boychuk.
6:57 of 3rd period - Shot Blocked by Joni Pitkanen.
6:59 of 3rd period - Slapshot by David Rundblad.
6:59 of 3rd period - Shot Blocked by Brad Boyes.
7:01 of 3rd period - Snap shot by Jiri Tlusty.
7:01 of 3rd period - Stopped by Jacob Markstrom with a rebound.
7:14 of 3rd period - Off-side.
7:15 of 3rd period - Brandon Sutter wins face-off versus T.J. Hensick in neutral zone.
7:23 of 3rd period - Off-side.
7:24 of 3rd period - Mike Cammalleri wins face-off versus Robert Nilsson in neutral zone.
7:39 of 3rd period - Mike Cammalleri is hit by Nick Palmieri.
7:40 of 3rd period - Icing by Mike Cammalleri.
7:41 of 3rd period - Brandon Sutter wins face-off versus Jason Spezza in Sharks zone.
7:52 of 3rd period - Brandon Sutter is hit by Jason Spezza and loses puck.
8:22 of 3rd period - Snap shot by Jason Spezza.
8:22 of 3rd period - Stopped by Jacob Markstrom with a rebound.
8:24 of 3rd period - Slapshot by Mike Cammalleri.
8:24 of 3rd period - Shot Misses the Net.
8:26 of 3rd period - Slapshot by Alec Martinez.
8:26 of 3rd period - Shot Blocked by Jamie McBain.
8:28 of 3rd period - Slapshot by Alec Martinez.
8:28 of 3rd period - Shot Blocked by Robert Nilsson.
8:30 of 3rd period - Slapshot by Mike Cammalleri.
8:30 of 3rd period - Deflect By Bobby Butler.
8:30 of 3rd period - Shot Hit the Post.
8:30 of 3rd period - Puck is out of play.
8:31 of 3rd period - Brandon Sutter wins face-off versus Brandon Dubinsky in Canucks zone.
8:52 of 3rd period - Minor Penalty to Jeremy Morin for High sticking.
8:53 of 3rd period - Robert Nilsson wins face-off versus Brandon Dubinsky in Canucks zone.
8:58 of 3rd period - Snap shot by Drew Doughty.
8:58 of 3rd period - Shot Blocked by Alex Goligoski.
9:00 of 3rd period - Slapshot by Ben Lovejoy.
9:00 of 3rd period - Stopped by Jacob Markstrom without a rebound.
9:01 of 3rd period - Robert Nilsson wins face-off versus Brandon Dubinsky in Canucks zone.
9:01 of 3rd period - Robert Nilsson is hit by Ben Lovejoy.
9:11 of 3rd period - Slapshot by Drew Doughty.
9:11 of 3rd period - Deflect By Brad Boyes.
9:11 of 3rd period - Stopped by Jacob Markstrom without a rebound.
9:12 of 3rd period - Robert Nilsson wins face-off versus Jason Spezza in Canucks zone.
9:23 of 3rd period - Wrist shot by Jason Spezza.
9:23 of 3rd period - Shot Misses the Net.
10:52 of 3rd period - Penalty to Jeremy Morin is over, Jeremy Morin is back on ice.
11:24 of 3rd period - Snap shot by Loui Eriksson.
11:24 of 3rd period - Stopped by Ryan Miller without a rebound.
11:25 of 3rd period - Brandon Sutter wins face-off versus Luke Adam in Sharks zone.
11:26 of 3rd period - Slapshot by Joni Pitkanen.
11:26 of 3rd period - Shot Blocked by Zach Boychuk.
11:32 of 3rd period - Wrist shot by Brandon Sutter.
11:32 of 3rd period - Deflect By Loui Eriksson.
11:32 of 3rd period - Stopped by Ryan Miller without a rebound.
11:33 of 3rd period - Jason Spezza wins face-off versus Jason Zucker in Sharks zone.
11:42 of 3rd period - Snap shot by Robert Nilsson.
11:42 of 3rd period - Shot Misses the Net.
12:00 of 3rd period - Milan Michalek is hit by Alex Goligoski and loses puck.
13:25 of 3rd period - Stefan Ruzicka is hit by Brandon Sutter and loses puck.
13:46 of 3rd period - Robert Nilsson is hit by Luke Adam and loses puck.
13:53 of 3rd period - Drew Doughty is hit by Jason Zucker and loses puck.
14:53 of 3rd period - Snap shot by Nick Palmieri.
14:53 of 3rd period - Shot Misses the Net.
15:03 of 3rd period - Slapshot by Jiri Tlusty.
15:03 of 3rd period - Shot Misses the Net.
15:26 of 3rd period - Brad Boyes is hit by David Rundblad and loses puck.
15:31 of 3rd period - Slapshot by T.J. Hensick.
15:31 of 3rd period - Stopped by Jacob Markstrom with a rebound.
15:33 of 3rd period - Slapshot by Alec Martinez.
15:33 of 3rd period - Shot Blocked by Brad Boyes.
15:59 of 3rd period - Minor Penalty to Stefan Ruzicka for Holding.
16:00 of 3rd period - Jason Spezza wins face-off versus Robert Nilsson in Sharks zone.
16:09 of 3rd period - Snap shot by Robert Nilsson.
16:09 of 3rd period - Goal by Robert Nilsson - Canucks : 3 - Sharks : 2.
16:10 of 3rd period - Jason Spezza wins face-off versus Robert Nilsson in neutral zone.
16:15 of 3rd period - Slapshot by Drew Doughty.
16:15 of 3rd period - Deflect By Mike Cammalleri.
16:15 of 3rd period - Shot Misses the Net.
16:15 of 3rd period - Puck is out of play.
16:16 of 3rd period - Jason Spezza wins face-off versus Robert Nilsson in Canucks zone.
16:16 of 3rd period - Drew Doughty is hit by Drew Fata.
16:18 of 3rd period - Snap shot by Jason Spezza.
16:18 of 3rd period - Stopped by Jacob Markstrom without a rebound.
16:19 of 3rd period - Robert Nilsson wins face-off versus Jason Spezza in Canucks zone.
16:21 of 3rd period - Minor Penalty to Jamie McBain for Hooking.
16:22 of 3rd period - Robert Nilsson wins face-off versus Jason Spezza in Canucks zone.
16:37 of 3rd period - Wrist shot by Drew Doughty.
16:37 of 3rd period - Deflect By Bobby Butler.
16:37 of 3rd period - Goal by Bobby Butler - Canucks : 3 - Sharks : 3.
16:38 of 3rd period - Jason Spezza wins face-off versus Robert Nilsson in neutral zone.
17:16 of 3rd period - Slapshot by Drew Fata.
17:16 of 3rd period - Stopped by Ryan Miller without a rebound.
17:17 of 3rd period - Bobby Butler wins face-off versus Robert Nilsson in Sharks zone.
17:50 of 3rd period - Off-side.
17:51 of 3rd period - Mike Cammalleri wins face-off versus Brandon Sutter in neutral zone.
18:05 of 3rd period - Off-side.
18:06 of 3rd period - T.J. Hensick wins face-off versus Robert Nilsson in neutral zone.
18:09 of 3rd period - Slapshot by Drew Doughty.
18:09 of 3rd period - Stopped by Jacob Markstrom with a rebound.
19:04 of 3rd period - Snap shot by Brandon Dubinsky.
19:04 of 3rd period - Shot Hit the Post.
Goals for this period are 1 for Canucks vs 1 for Sharks.
Shots for this period are 9 for Canucks vs 10 for Sharks.

Overtime #1


0:01 of 1st overtime period - Jason Spezza wins face-off versus Robert Nilsson in neutral zone.
0:10 of 1st overtime period - Slapshot by Jamie McBain.
0:10 of 1st overtime period - Deflect By Jason Zucker.
0:10 of 1st overtime period - Shot Misses the Net.
0:10 of 1st overtime period - Puck is out of play.
0:11 of 1st overtime period - Jason Spezza wins face-off versus Robert Nilsson in Sharks zone.
1:00 of 1st overtime period - Slapshot by Milan Michalek.
1:00 of 1st overtime period - Shot Misses the Net.
1:02 of 1st overtime period - Slapshot by Oskar Osala.
1:02 of 1st overtime period - Stopped by Jacob Markstrom without a rebound.
1:03 of 1st overtime period - Robert Nilsson wins face-off versus Jason Spezza in Canucks zone.
1:27 of 1st overtime period - Ben Lovejoy is hit by Jamie McBain and loses puck.
1:34 of 1st overtime period - Alex Goligoski is hit by Oskar Osala and loses puck.
2:38 of 1st overtime period - Snap shot by Marc Savard.
2:38 of 1st overtime period - Shot Misses the Net.
2:40 of 1st overtime period - Slapshot by Danny DeKeiser.
2:40 of 1st overtime period - Shot Blocked by Drew Doughty.
2:42 of 1st overtime period - Slapshot by Drew Fata.
2:42 of 1st overtime period - Shot Misses the Net.
2:44 of 1st overtime period - Slapshot by Drew Fata.
2:44 of 1st overtime period - Shot Blocked by Drew Doughty.
3:39 of 1st overtime period - Snap shot by Oskar Osala.
3:39 of 1st overtime period - Shot Blocked by Jason Zucker.
3:41 of 1st overtime period - Snap shot by Drew Doughty.
3:41 of 1st overtime period - Deflect By Milan Michalek.
3:41 of 1st overtime period - Stopped by Jacob Markstrom with a rebound.
3:43 of 1st overtime period - Snap shot by Oskar Osala.
3:43 of 1st overtime period - Shot Blocked by Joni Pitkanen.
3:45 of 1st overtime period - Snap shot by Ben Lovejoy.
3:45 of 1st overtime period - Shot Misses the Net.
4:05 of 1st overtime period - Snap shot by Jeremy Morin.
4:05 of 1st overtime period - Stopped by Ryan Miller without a rebound.
4:06 of 1st overtime period - Marc Savard wins face-off versus Jason Spezza in Sharks zone.
4:27 of 1st overtime period - Jamie McBain is hit by David Rundblad and loses puck.
4:48 of 1st overtime period - Snap shot by Brandon Sutter.
4:48 of 1st overtime period - Deflect By Steve Bernier.
4:48 of 1st overtime period - Deflect By Milan Michalek.
4:48 of 1st overtime period - Shot Blocked by Adam Larsson.
4:48 of 1st overtime period - Puck is out of play.
4:49 of 1st overtime period - Jason Spezza wins face-off versus Brandon Sutter in Sharks zone.
4:54 of 1st overtime period - Jamie McBain is hit by Drew Doughty and loses puck.
Goals for this period are 0 for Canucks vs 0 for Sharks.
Shots for this period are 1 for Canucks vs 2 for Sharks.

ShootOut


5:00 of 1st overtime period - Round #1.
5:00 of 1st overtime period - Canucks, Robert Nilsson.
5:00 of 1st overtime period - Snap shot by Robert Nilsson.
5:00 of 1st overtime period - Shot Misses the Net.
5:00 of 1st overtime period - Sharks, Jason Spezza.
5:00 of 1st overtime period - Deke by Jason Spezza.
5:00 of 1st overtime period - Stopped by Jacob Markstrom.
5:00 of 1st overtime period - Round #2.
5:00 of 1st overtime period - Canucks, Jason Zucker.
5:00 of 1st overtime period - Backhand shot by Jason Zucker.
5:00 of 1st overtime period - Shot Misses the Net.
5:00 of 1st overtime period - Sharks, Mike Cammalleri.
5:00 of 1st overtime period - Backhand shot by Mike Cammalleri.
5:00 of 1st overtime period - Stopped by Jacob Markstrom.
5:00 of 1st overtime period - Round #3.
5:00 of 1st overtime period - Canucks, Jeremy Morin.
5:00 of 1st overtime period - Deke by Jeremy Morin.
5:00 of 1st overtime period - Stopped by Ryan Miller.
5:00 of 1st overtime period - Sharks, Milan Michalek.
5:00 of 1st overtime period - Snap shot by Milan Michalek.
5:00 of 1st overtime period - Stopped by Jacob Markstrom.
5:00 of 1st overtime period - Round #4.
5:00 of 1st overtime period - Canucks, Loui Eriksson.
5:00 of 1st overtime period - Snap shot by Loui Eriksson.
5:00 of 1st overtime period - Goal by Loui Eriksson.
5:00 of 1st overtime period - Sharks, Oskar Osala.
5:00 of 1st overtime period - Snap shot by Oskar Osala.
5:00 of 1st overtime period - Shot Misses the Net.